 Dungeon Crawl Stone Soup version 0.21-a0-509-gecc5317 (webtiles) character file.

81 tupper the Cudgeler (level 4, -5/42 HPs)
             Began as a Deep Dwarf Berserker on Nov 30, 2017.
             Was a Believer of Trog.
             Slain by Sigmund
             ... wielding a +0 scythe
              (10 damage)
             ... on level 2 of the Dungeon.
             The game lasted 00:04:40 (620 turns).

tupper the Cudgeler (Deep Dwarf Berserker)           Turns: 620, Time: 00:04:40

Health: -5/42      AC:  5    Str: 21    XL:     4   Next: 20%
Magic:  1/1        EV: 12    Int:  8    God:    Trog [**....]
Gold:   46         SH:  0    Dex: 12    Spells: 3/3 levels left

rFire    . . .     SeeInvis .   a - +1 mace
rCold    . . .     Gourm    .   (no shield)
rNeg     . . .     Faith    .   g - +0 ring mail
rPois    .         Spirit   .   (no helmet)
rElec    .         Reflect  .   (no cloak)
rCorr    .         Harm     .   (no gloves)
MR       .....                  (no boots)
Stlth    ..........             (no amulet)
HPRegen  0.00/turn              (no ring)
MPRegen  0.07/turn              (no ring)

@: confused, berserk cooldown, non-regenerating, slowed, very slow
A: damage resistance, heal wounds, sense surroundings 1, no regeneration
a: Heal Wounds, Berserk, Trog's Hand, Burn Spellbooks, Renounce Religion


You were on level 2 of the Dungeon.
You worshipped Trog.
Trog was pleased with you.
You were not hungry.

You visited 1 branch of the dungeon, and saw 2 of its levels.

You collected 46 gold pieces.

Inventory:

Hand Weapons
 a - a +1 mace (weapon)
Armour
 b - a +0 animal skin
 g - a +0 ring mail (worn)
Scrolls
 e - a scroll of noise {unknown}
 h - a scroll of enchant armour {unknown}
 i - a scroll of enchant weapon
Potions
 d - 2 potions of agility {unknown}
Comestibles
 c - a bread ration
 f - a meat ration


   Skills:
 + Level 3.2 Fighting
 + Level 4.0 Maces & Flails
 + Level 2.6 Armour
 + Level 3.0 Dodging


You had 3 spell levels left.
You didn't know any spells.

Dungeon Overview and Level Annotations

Branches:
Dungeon (2/15)

Altars:

Annotations:
D:2 Sigmund


Innate Abilities, Weirdness & Mutations

You are resistant to damage.
You can heal yourself by infusing magical energy.
You passively map a small area around you.
You do not regenerate.


Message History

You hit something.
You hear some strange, mumbled words.
A magic dart appears from out of thin air!
The magic dart hits you!
You completely miss something. Something hits you.
* * * LOW HITPOINT WARNING * * *
You hear some strange, mumbled words.
You are confused.
A hobgoblin comes into view.
The hobgoblin shouts!
You hear a shout!
You hear some strange, mumbled words.
Something tries to affect you, but you resist.
You're too confused!
Something hits you!
* * * LOW HITPOINT WARNING * * *
Things that are here:
9 gold pieces; a goblin corpse; a ball python corpse You're too confused!
You're too confused!
You bump into the rock wall.
Something hits you!
You die...

...... , , *..... ,
#......... ,, * #....
............... * ,
###.... ,, ..............
....... * #..........g..
.......##* #.#..., .Kg.,
#......{## #.r.# * *#gK.
, #....g†###...### #..#
** ##(...@.(.)<...# *#g##
........)†)%.....### #.)#
......?............# ##.#
.................#.####.)
,
............[.......).<).
,
.................##.)####
......>....?.....###.# ,
, .................. ....
, .####?##...####<#


You could see a hobgoblin.

Vanquished Creatures
  Robin (D:2)
  2 adders (D:2)
  2 dart slugs
  A leopard gecko (D:1)
  A giant cockroach (D:1)
  14 goblins
  7 hobgoblins
  4 jackals (D:1)
  A ball python (D:2)
  A bat (D:2)
  2 frilled lizards
  5 kobolds
  5 rats
46 creatures vanquished.

Notes
Turn   | Place    | Note
-------+----------+-------------------------------------------
     0 | D:1      | tupper the Deep Dwarf Berserker began the quest for the Orb.
     0 | D:1      | Reached XP level 1. HP: 20/20 MP: 1/1
    57 | D:1      | Reached XP level 2. HP: 22/27 MP: 2/2
   512 | D:2      | Reached XP level 3. HP: 34/34 MP: 2/2
   530 | D:2      | Noticed Robin
   532 | D:2      | Reached ** piety under Trog
   591 | D:2      | Noticed Sigmund
   597 | D:2      | Killed Robin
   597 | D:2      | Reached skill level 4 in Maces & Flails
   597 | D:2      | Reached XP level 4. HP: 42/42 MP: 2/2
   620 | D:2      | Slain by Sigmund

Vault maps used:
D:1:      minmay_arrival_solitary_statue
D:2:      first_bread, uniq_robin, uniq_sigmund

Skill      XL: |  1  2  3  4 |
---------------+-------------+-----
Fighting       | 3 |  3.2
Maces & Flails | 4 |  4.0
Dodging        | 3 |  3.0
Armour         | |  2.6

Action                   |  1- 3 |  4- 6 || total
-------------------------+-------+-------++-------
Melee: Mace              |   110 |    16 ||   126
Invok: Berserk           |     1 |       ||     1
 Abil: Heal Wounds       |     3 |     1 ||     4
  Use: Scroll            |     1 |       ||     1
Armor: Animal skin       |     4 |       ||     4
       Ring mail         |    38 |    11 ||    49
Dodge: Dodged            |   113 |    11 ||   124

Table legend:
 A = Spawn XP
 B = Non-spawn XP
 C = Spawn XP percentage of total XP
 D = Spawn monster count
 E = Non-spawn monster count
 F = Spawn count percentage of total count
 G = Total turns spent on level
                    A         B        C        D         E        F      G
               +---------+---------+-------+---------+---------+-------+---------
         Total |       0 |     117 |   0.0 |       0 |      46 |   0.0 |   620
               +---------+---------+-------+---------+---------+-------+---------
           D:1 |       0 |      39 |   0.0 |       0 |      21 |   0.0 |   510
           D:2 |       0 |      78 |   0.0 |       0 |      25 |   0.0 |   110
               +---------+---------+-------+---------+---------+-------+---------
